AoeStats
← jaydon9944

Highland

505594779Analyzed
3v3 RM · 23d ago on Sep 10, 2026· 20m 12s· 6 players
Game mode
Random Map
Map size
Normal (6 player)
Population
200
Speed
Normal
Resources
Standard
Victory
Conquest
Starting age
Dark Age
Ending age
Imperial Age
RankedLock teamsTeams togetherTeam positionsShared explorationLock speedFull tech treeHidden civsTurbo modeCheats
Victory
Defeat
🇺🇸 Vietnamese · United States
1139
+15
🇺🇸 Celts · United States
1138
+15
🇺🇸 Sicilians · United States
1129
+15
🇺🇸 Romans · United States
1135
-16
🇹🇼 Japanese · Taiwan
1130
-16
🇲🇽 Georgians · Mexico
1054
-13
miraclemax911
7:39 Loom
11:35 Feudal Age
12:25 Double-Bit Axe
12:31 Gold Mining
15:09 Fletching
15:31 Forging
16:38 Horse Collar
Gilmarq97
7:23 Loom
9:44 Feudal Age
17:52 Castle Age
17:03 Stone Mining
17:03 Double-Bit Axe
17:15 Horse Collar
17:54 Town Watch
18:10 Gold Mining
19:25 Bloodlines
一杯冰美式
0:54 Loom
12:15 Feudal Age
13:02 Double-Bit Axe
17:10 Gold Mining
17:12 Stone Mining
17:06 Horse Collar
21:15 Castle Age
Monkeykapaa
4:15 Loom
8:12 Loom
10:30 Feudal Age
11:05 Double-Bit Axe
12:38 Horse Collar
14:38 Forging
17:29 Scale Barding Armor
20:23 Bloodlines
22:36 Castle Age
Toothless0910
5:19 Loom
11:59 Feudal Age
19:24 Castle Age
19:25 Wheelbarrow
20:22 Forging
20:17 Scale Barding Armor
20:11 Horse Collar
jaydon9944
7:01 Loom
9:12 Feudal Age
9:55 Double-Bit Axe
10:22 Horse Collar
19:14 Castle Age
16:47 Man-at-Arms
18:18 Scale Mail Armor
20:13 Wheelbarrow
19:15 Long Swordsman
Connection lost

Rejoining the realm…

Still unreachable

The connection could not be restored.

Session expired

The server has moved on; the page needs a fresh start.